 Dungeon Crawl Stone Soup version 0.18.1-47-g9310371 (webtiles) character file.

9235 dvd the Firebug (level 11, -2/85 HPs)
             Began as a Demigod Fire Elementalist on June 22, 2016.
             Slain by a spatial maelstrom (11 damage)
             ... on level 3 of the Abyss.
             The game lasted 00:44:17 (14267 turns).

dvd the Firebug (Demigod Fire Elementalist)        Turns: 14267, Time: 00:44:18

Health: -2/85      AC: 11    Str: 20    XL:     11   Next: 1%
Magic:  26/26      EV: 16    Int: 23    God:
Gold:   251        SH:  0    Dex: 16    Spells: 5 memorised, 7 levels left

rFire  . . .     SeeInvis .     a - +8 long sword (elec)
rCold  . . .     Gourm    +     k - +0 robe
rNeg   . . .     Faith    .     (no shield)
rPois  +         Spirit   .     C - +2 helmet
rElec  .         Dismiss  .     G - +2 cloak {+Inv}
rCorr  .         Reflect  .     y - +2 pair of gloves {Str+3}
SustAt +         Harm     .     (no boots)
MR     +....                    o - amulet of the gourmand
Stlth  +++.......               w - ring of poison resistance
                                t - +4 ring of strength

@: about to teleport, somewhat resistant to hostile enchantments, fairly
stealthy
A: high mp 1, sustain attributes
a: Evoke Invisibility


You were on level 3 of the Abyss.
You were completely stuffed.

You visited 2 branches of the dungeon, and saw 12 of its levels.
You visited the Abyss 1 time.
You also visited: Ossuary.

You collected 671 gold pieces.
You spent 420 gold pieces at shops.

Inventory:

Hand Weapons
 a - a +8 long sword of electrocution (weapon)
 d - a +1 flail of holy wrath
 l - a +2 dagger of venom
 A - a +2 trident of distortion
 O - a +0 flail of crushing
 U - a +0 hand axe of venom
Armour
 k - a +0 robe (worn)
 y - a +2 pair of gloves of strength (worn)
 z - the +0 cloak of Cogidu {rF+}
   (You bought it in a shop on level 5 of the Dungeon)

   It protects you from fire.
 C - a +2 helmet (worn)
 G - a +2 cloak of invisibility (worn)
 P - a +3 scale mail of poison resistance
Magical Staves
 r - an uncursed staff of fire
 M - an uncursed staff of air
Jewellery
 o - an amulet of the gourmand (around neck)
 q - an uncursed ring of fire
 t - a +4 ring of strength (left hand)
 v - an uncursed amulet of harm
 w - a ring of poison resistance (right hand)
 x - an uncursed amulet of rage
 B - an uncursed amulet of guardian spirit
Wands
 j - a wand of random effects (15/48)
 F - a wand of flame (22/48)
 I - a wand of lightning (6/15)
 N - a wand of digging (8/24)
 Q - a wand of polymorph (10/24)
 R - a wand of flame (27/48)
Scrolls
 e - 6 scrolls of remove curse
 g - 5 scrolls of teleportation
 m - 11 scrolls of identify
 p - a scroll of magic mapping
 H - 2 scrolls of recharging
Potions
 h - 3 potions of curing
 i - 2 potions of heal wounds
 n - 2 potions of invisibility
 u - 2 potions of mutation {unknown}
 D - a potion of flight
 E - a potion of might
 L - 2 potions of haste
 S - a potion of ambrosia
 T - a potion of cancellation
Books
 b - a book of Flames

   Spells                             Type                      Level
   a - Flame Tongue                   Conjuration/Fire             1
   b - Throw Flame                    Conjuration/Fire             2
   c - Conjure Flame                  Conjuration/Fire             3
   d - Inner Flame                    Hexes/Fire                   3
   e - Sticky Flame                   Conjuration/Fire             4
   f - Fireball                       Conjuration/Fire             5
 s - a Necronomicon

   Spells                             Type                      Level
   a - Haunt                          Necromancy/Summoning         7
   b - Borgnjor's Revivification      Necromancy                   8
   c - Death's Door                   Charms/Necromancy            8
   d - Necromutation                  Transmutation/Necromancy     8
 V - a book of the Earth

   Spells                             Type                      Level
   a - Leda's Liquefaction            Hexes/Earth                  4
   b - Bolt of Magma                  Conjuration/Fire/Earth       5
   c - Statue Form                    Transmutation/Earth          6
   d - Iron Shot                      Conjuration/Earth            6
   e - Shatter                        Earth                        9
Comestibles
 c - 10 bread rations
 f - 7 meat rations
 J - 5 chunks of flesh
 K - 8 beef jerkies


   Skills:
 + Level 4.4 Fighting
 + Level 1.4(2.8) Short Blades
 + Level 3.8(4.0) Long Blades
 + Level 1.0 Maces & Flails
 + Level 1.3 Armour
 + Level 6.8 Dodging
 + Level 5.4 Stealth
 + Level 7.3 Spellcasting
 + Level 6.3 Conjurations
 + Level 7.4 Fire Magic


You had 7 spell levels left.
You knew the following spells:

 Your Spells              Type           Power        Failure   Level  Hunger
a - Flame Tongue          Conj/Fire      #####        1%          1    None
b - Throw Flame           Conj/Fire      #####.       1%          2    None
c - Sticky Flame          Conj/Fire      #####...     6%          4    ###....
d - Fireball              Conj/Fire      #####.....   14%         5    #####..
e - Bolt of Magma         Conj/Fire/Erth ####......   38%         5    #####..


Dungeon Overview and Level Annotations

Branches:
Dungeon (11/15)            Temple (1/1) D:5             Orc (0/2) D:11
   Lair: D:8-11

Shops:
D:5 [   D:6 }   D:10 %


Innate Abilities, Weirdness & Mutations

You have an increased reservoir of magic (+10% MP).
Your attributes are resistant to harm.


Message History

The spatial maelstrom barely misses you.
The spatial maelstrom closely misses you.
The spatial maelstrom hits you.
* * * LOW HITPOINT WARNING * * *
Space warps horribly around you!
* * * LOW HITPOINT WARNING * * *
4 spatial vortices come into view.
Drink which item? (? for menu, Esc to quit)
You feel much better.
The spatial maelstrom closely misses you.
The spatial maelstrom hits you.
You feel strangely stable.
The spatial vortex hits you but does no damage.
The spatial maelstrom misses you. The spatial maelstrom hits you!
* * * LOW HITPOINT WARNING * * *
You feel strangely unstable.
You feel the power of the Abyss delaying your translocation!
The spatial maelstrom hits you!
* * * LOW HITPOINT WARNING * * *
Space warps horribly around you!
You die...

####### ##. #.#
####### ## ...
####### ## ._..
####### # .....
##.vvvv###.....
##.vv.v.##....#
##v.vvvvv#.....
###..vv@##..!..
#####vvv##.....
#####vv###.....
##########.....
##########...##
....... .......
....... .......
....... .......


You could see 9 spatial maelstroms and 11 spatial vortices.

Vanquished Creatures
  A hydra (D:11)
  The ghost of raikaria the Covert, a novice OpEn of Dithmenos (D:6)
  The ghost of Reyan the Spear-Bearer, a novice MfGl (D:5)
  2 trolls (D:9)
  A two-headed ogre (D:11)
  3 wraiths
  A wyvern (D:10)
  Eustachio (D:6)
  6 yaks (D:11)
  Edmund (D:5)
  3 hungry ghosts
  A mottled dragon (D:11)
  2 water moccasins
  A soldier ant (D:11)
  An ice beast (D:6)
  2 orc warriors
  3 sky beasts
  2 phantoms (D:4)
  5 centaurs
  7 ogres
  A crocodile (D:9)
  A big kobold (D:10)
  4 giant frogs
  A gnoll sergeant (D:8)
  2 scorpions
  9 killer bees
  14 wights
  4 giant frog zombies
  3 crimson imps
  5 hounds
  3 jellies
  A centaur skeleton (D:6)
  3 orc priests
  7 orc wizards
  A giant frog skeleton (D:5)
  3 iguanas
  6 worker ants
  A hound zombie (D:7)
  12 gnolls
  A howler monkey skeleton (D:6)
  13 adders
  4 shadow imps
  3 oozes
  An adder zombie (D:7)
  2 worms
  2 dart slugs
  12 giant geckos
  28 orcs
  7 bats
  5 giant cockroaches
  4 goblins (D:1)
  3 hobgoblins
  12 jackals
  6 quokkas
  2 ball pythons
  A ball python skeleton (D:5)
  A giant gecko zombie (D:6)
  2 giant newts (D:1)
  2 hobgoblin skeletons (Ossuary)
  2 hobgoblin zombies (Ossuary)
  8 kobolds
  2 orc skeletons (Ossuary)
  An orc zombie (Ossuary)
  A quokka skeleton (D:5)
  A quokka zombie (D:5)
  7 rats
  A rat zombie (D:5)
260 creatures vanquished.

Vanquished Creatures (collateral kills)
  3 killer bees (D:10)
3 creatures vanquished.

Grand Total: 263 creatures vanquished

Notes
Turn   | Place    | Note
--------------------------------------------------------------
     0 | D:1      | dvd the Demigod Fire Elementalist began the quest for the Orb.
     0 | D:1      | Reached XP level 1. HP: 14/14 MP: 5/5
   105 | D:1      | Reached skill level 1 in Conjurations
   304 | D:1      | Reached XP level 2. HP: 13/20 MP: 5/7
   497 | D:1      | Learned a level 2 spell: Throw Flame
   885 | D:1      | Reached XP level 3. HP: 26/26 MP: 4/8
  1689 | D:2      | Found a deep blue altar of Sif Muna.
  2863 | D:3      | Reached XP level 4. HP: 24/33 MP: 1/10
  3123 | D:3      | Learned a level 4 spell: Sticky Flame
  3331 | D:4      | Reached XP level 5. HP: 13/39 MP: 1/12
  3621 | D:4      | Noticed a phantom
  3631 | D:4      | Killed a phantom
  3631 | D:4      | Reached skill level 1 in Fighting
  3805 | D:4      | Noticed an ogre
  3817 | D:4      | Killed an ogre
  3817 | D:4      | Reached XP level 6. HP: 47/47 MP: 7/14
  4393 | D:4      | Reached skill level 1 in Short Blades
  4393 | D:4      | Reached XP level 7. HP: 21/53 MP: 4/16
  4759 | D:5      | Entered Level 5 of the Dungeon
  4765 | D:5      | Found Dagawku's Antique Armour Boutique.
  4788 | D:5      | Bought a pair of runed gloves for 135 gold pieces
  4906 | D:5      | Found a sand-covered staircase.
  5089 | Ossuary  | Entered an ossuary
  5250 | Ossuary  | Noticed a wraith
  5250 | Ossuary  | Noticed a flying skull
  5275 | Ossuary  | Noticed a flying skull
  5284 | Ossuary  | Noticed a flying skull
  5296 | Ossuary  | Noticed a wraith
  5310 | Ossuary  | Killed a wraith
  5576 | Ossuary  | Noticed a flying skull
  5672 | Ossuary  | Noticed a wraith
  5681 | Ossuary  | Killed a wraith
  5681 | Ossuary  | Reached XP level 8. HP: 24/61 MP: 17/17
  6071 | D:5      | Noticed Reyan's ghost (novice MfGl)
  6083 | D:5      | Killed Reyan's ghost
  6251 | D:5      | Reached skill level 1 in Long Blades
  6445 | D:5      | Found a staircase to the Ecumenical Temple.
  6454 | Temple   | Entered the Ecumenical Temple
  6748 | D:5      | Found an oddly glowing altar of Pakellas.
  6814 | D:5      | Noticed Edmund
  6823 | D:5      | Killed Edmund
  6823 | D:5      | Reached skill level 5 in Fire Magic
  7071 | D:6      | Reached skill level 5 in Spellcasting
  7124 | D:6      | Noticed raikaria's ghost (novice OpEn)
  7146 | D:6      | Killed raikaria's ghost
  7146 | D:6      | Reached XP level 9. HP: 41/70 MP: 8/20
  7372 | D:6      | Noticed Eustachio
  7403 | D:6      | Killed Eustachio
  7407 | D:6      | Reached skill level 1 in Armour
  7647 | D:6      | Found Upnecw's Gadget Shop.
  8059 | D:6      | Learned a level 5 spell: Fireball
  8430 | D:6      | Reached skill level 1 in Maces & Flails
  8798 | D:6      | Reached skill level 5 in Dodging
  8798 | D:6      | Reached skill level 5 in Conjurations
 10133 | D:7      | Found a stormy altar of Qazlal.
 10189 | D:5      | Bought a warped cloak for 285 gold pieces
 10194 | D:5      | Identified the cursed +0 cloak of Cogidu {rF+} (You bought it in a shop on level 5 of the Dungeon)
 10626 | D:7      | Reached skill level 5 in Stealth
 10790 | D:8      | Identified a scroll of acquirement
 10937 | D:8      | You fall through a shaft!
 10977 | D:9      | Found a white marble altar of Elyvilon.
 10989 | D:9      | Reached XP level 10. HP: 72/78 MP: 14/23
 11052 | D:9      | Found a blossoming altar of Fedhas.
 12020 | D:10     | Entered Level 10 of the Dungeon
 12286 | D:10     | Found Ympelath's Food Boutique.
 12649 | D:10     | Learned a level 5 spell: Bolt of Magma
 13777 | D:11     | Noticed a seven-headed hydra
 13791 | D:11     | Killed a seven-headed hydra
 13972 | D:11     | Found a staircase to the Orcish Mines.
 14071 | D:11     | Reached XP level 11. HP: 58/85 MP: 8/26
 14262 | D:11     | Cast into level 3 of the Abyss (a distortion unwield)
 14262 | Abyss:3  | Found a corrupted altar of Lugonu.
 14263 | Abyss:3  | Noticed a spatial maelstrom
 14263 | Abyss:3  | Noticed a spatial maelstrom
 14263 | Abyss:3  | Noticed a spatial maelstrom
 14263 | Abyss:3  | Noticed a spatial maelstrom
 14263 | Abyss:3  | Noticed a spatial maelstrom
 14263 | Abyss:3  | Noticed a spatial maelstrom
 14263 | Abyss:3  | Noticed a spatial maelstrom
 14263 | Abyss:3  | Noticed a spatial maelstrom
 14263 | Abyss:3  | Noticed a spatial maelstrom
 14266 | Abyss:3  | HP: 4/85 [spatial maelstrom (8)]
 14267 | Abyss:3  | Slain by a spatial maelstrom

Skill      XL: |  1  2  3  4  5  6  7  8  9 10 |
---------------+-------------------------------+-----
Conjurations   | 1 2 3 4 5 6 |  6.3
Fire Magic     | 3 4 5 6 7 |  7.4
Dodging        | 2 3 4 5 6 |  6.8
Spellcasting   | 2 3 4 5 6 7 |  7.3
Stealth        | 2 4 5 |  5.4
Fighting       | 1 2 3 4 |  4.4
Short Blades   | 1 |  1.4
Long Blades    | 2 3 |  3.8
Armour         | 1 |  1.3
Maces & Flails | 1 |  1.0

Action                   |  1- 3 |  4- 6 |  7- 9 | 10-12 || total
-------------------------+-------+-------+-------+-------++-------
Melee: Dagger            |    30 |    13 |    21 |       ||    64
       Falchion          |       |    18 |       |       ||    18
       Staff             |       |     2 |       |       ||     2
       Long sword        |       |       |   147 |   102 ||   249
       Flail             |       |       |    74 |       ||    74
 Cast: Flame Tongue      |    86 |    35 |    62 |     2 ||   185
       Throw Flame       |    19 |    16 |   127 |    73 ||   235
       Sticky Flame      |       |       |    20 |    25 ||    45
       Fireball          |       |       |     1 |     2 ||     3
  Use: Scroll            |     4 |     3 |    12 |     4 ||    23
       Potion            |       |     2 |    12 |     2 ||    16
 Stab: Sleeping          |     5 |     1 |    20 |     2 ||    28
  Eat: Chunk             |    19 |     5 |    27 |    23 ||    74
Armor: Robe              |    14 |     3 |    50 |    47 ||   114
       Scale mail        |       |       |    80 |       ||    80
Dodge: Dodged            |    39 |    24 |   258 |   126 ||   447
